 Dungeon Crawl Stone Soup version 0.22-a0-845-g8bfc27d406 (webtiles) character file.

399 dtsj89 the Poker (level 6, -1/66 HPs)
             Began as an Ogre Skald on July 26, 2018.
             Slain by a scorpion (6 damage)
             ... on level 4 of the Dungeon.
             The game lasted 00:07:06 (2854 turns).

dtsj89 the Poker (Ogre Skald)                       Turns: 2854, Time: 00:07:06

Health: -1/66      AC:  3    Str: 16    XL:     6   Next: 84%
Magic:  1/12       EV: 10    Int: 16    God:
Gold:   149        SH:  0    Dex:  8    Spells: 5/13 levels left

rFire    . . .     SeeInvis .   k - +0 halberd
rCold    . . .     Gourm    .   (shield currently unavailable)
rNeg     . . .     Faith    .   b - +0 robe
rPois    .         Spirit   .   (helmet restricted)
rElec    .         Reflect  .   (no cloak)
rCorr    .         Harm     .   (gloves unavailable)
MR       .....                  (boots unavailable)
Stlth    +.........             (no amulet)
HPRegen  0.21/turn              (no ring)
MPRegen  0.13/turn              (no ring)

@: lethally poisoned (-1 -> -3), very slightly contaminated, drained
A: large, unfitting armour, tough skin 1
a: no special abilities


You were on level 4 of the Dungeon.
You were hungry.

You visited 1 branch of the dungeon, and saw 4 of its levels.

You collected 149 gold pieces.

Inventory:

Hand Weapons
 a - a +0 spear
 k - a +0 halberd (weapon)
Armour
 b - a +0 robe (worn)
Jewellery
 g - an uncursed ring of flight
Scrolls
 c - 5 scrolls of identify {unknown}
 h - 2 scrolls of remove curse {unknown}
 i - a scroll of enchant armour {unknown}
 m - a scroll of teleportation {unknown}
 p - a scroll of amnesia {unknown}
Potions
 e - a potion of ambrosia {unknown}
 j - a potion of lignification {unknown}
 l - 2 potions of brilliance {unknown}
 n - a potion of degeneration {unknown}
 o - a potion of heal wounds {unknown}
Comestibles
 d - 6 rations
 f - 2 chunks of flesh


   Skills:
 + Level 5.1(4.5) Fighting
 * Level 5.2(4.6) Polearms
 - Level 2.1(1.6) Dodging
 + Level 4.4(3.8) Spellcasting
 - Level 2.6(2.1) Charms


You had 5 spell levels left.
You knew the following spells:

 Your Spells              Type           Power        Failure   Level  Hunger
a - Infusion              Chrm           ##..         7%          1    None
b - Song of Slaying       Chrm           ##......     11%         2    ##.....
c - Shroud of Golubria    Chrm/Tloc      #.........   17%         2    ##.....
d - Spectral Weapon       Hex/Chrm       #.......     32%         3    ###....

Your spell library contained the following spells:

 Spells                   Type           Power        Failure   Level  Hunger
 Regeneration             Chrm/Necr      #.........   32%         3    ###....


Dungeon Overview and Level Annotations

Branches:
Dungeon (4/15)
 Temple: D:4-7

Altars:
Xom


Innate Abilities, Weirdness & Mutations

You are too large for most types of armour.
You have tough skin. (AC +1)


Message History

Confirm with . or Enter, or press ? or * to list all spells.
You miscast Spectral Weapon.
Your skin tingles.
You feel sick. The scorpion stings you.
You hit the scorpion but do no damage. The scorpion stings you.
You puncture the scorpion!
The scorpion is heavily wounded.
You feel sick. The scorpion barely misses you. The scorpion stings you.
* * * LOW HITPOINT WARNING * * *
You hit the scorpion.
The scorpion is severely wounded.
You feel sick. The scorpion stings you!
* * * LOW HITPOINT WARNING * * *
You barely miss the scorpion.
The scorpion is severely wounded.
The scorpion stings you.
* * * LOW HITPOINT WARNING * * *
You hit the scorpion but do no damage.
The scorpion is severely wounded.
The scorpion stings you.
You die...

.. .. #.. .!#.#
#.###
..#..#+#.#<#
.........#.#
.........#)##
............#
........#...+
........@...###
.......s........
.............###
.............#
##...b.......#
#.....(.++#.#
#.......# ...
#....>..# ##
#.......#


You could see a scorpion.

Vanquished Creatures
  Blork the orc (D:4)
  A wyvern zombie (D:3)
  3 crimson imps (D:3)
  An orc wizard (D:4)
  3 gnolls
  4 adders
  5 worms
  2 dart slugs (D:2)
  5 leopard geckos
  5 orcs
  2 goblins (D:1)
  4 hobgoblins
  9 jackals (D:3)
  3 kobolds
  3 quokkas
  A ball python (D:3)
  5 bats
  2 frilled lizards (D:2)
  5 rats
64 creatures vanquished.

Notes
Turn   | Place    | Note
-------+----------+-------------------------------------------
     0 | D:1      | dtsj89 the Ogre Skald began the quest for the Orb.
     0 | D:1      | Reached XP level 1. HP: 22/22 MP: 3/3
   184 | D:1      | Reached XP level 2. HP: 23/29 MP: 5/5
   372 | D:1      | Learned a level 2 spell: Song of Slaying
   375 | D:1      | Learned a level 2 spell: Shroud of Golubria
   536 | D:2      | Reached XP level 3. HP: 11/37 MP: 0/7
  1034 | D:1      | Reached XP level 4. HP: 8/46 MP: 0/8
  1496 | D:2      | Learned a level 3 spell: Spectral Weapon
  1706 | D:2      | Found a faded altar of an unknown god.
  1946 | D:3      | Reached XP level 5. HP: 8/54 MP: 6/10
  2669 | D:3      | Found a shimmering altar of Xom.
  2678 | D:3      | Reached XP level 6. HP: 61/63 MP: 11/11
  2825 | D:4      | Noticed Blork the orc
  2833 | D:4      | Killed Blork the orc
  2833 | D:4      | Reached skill level 5 in Fighting
  2833 | D:4      | Reached skill level 5 in Polearms
  2854 | D:4      | Slain by a scorpion

Vault maps used:
D:1:      lightli_iron_boxes
D:2:      chequers_ecumenical_altar_simple_redux, hangedman_decor_push,
          item_on_display_a
D:3:      cheibrodos_old_hovel, led_xom_imps
D:4:      minitemple, minmay_temple_entry_butterflies, first_ration,
          uniq_blork_the_orc

Skill      XL: |  1  2  3  4  5  6 |
---------------+-------------------+-----
Fighting       | 3 4 5 |  5.1
Polearms       | 3 4 5 |  5.2
Spellcasting   | 3 4 |  4.4
Dodging        | |  2.1
Charms         | |  2.6

Action                   |  1- 3 |  4- 6 || total
-------------------------+-------+-------++-------
Melee: Spear             |    77 |    14 ||    91
       Halberd           |       |   159 ||   159
 Cast: Infusion          |    10 |     1 ||    11
       Spectral Weapon   |       |     7 ||     7
       Shroud of Golubri |       |     1 ||     1
  Eat: Chunk             |       |     7 ||     7
Armor: Robe              |    13 |    39 ||    52
Dodge: Dodged            |    24 |    95 ||   119

Table legend:
 A = Spawn XP
 B = Non-spawn XP
 C = Spawn XP percentage of total XP
 D = Spawn monster count
 E = Non-spawn monster count
 F = Spawn count percentage of total count
 G = Total turns spent on level
                    A         B        C        D         E        F      G
               +---------+---------+-------+---------+---------+-------+---------
         Total |       0 |     570 |   0.0 |       0 |      64 |   0.0 |  2854
               +---------+---------+-------+---------+---------+-------+---------
           D:1 |       0 |      29 |   0.0 |       0 |       8 |   0.0 |  1029
           D:2 |       0 |     121 |   0.0 |       0 |      25 |   0.0 |  1142
           D:3 |       0 |     278 |   0.0 |       0 |      25 |   0.0 |   648
           D:4 |       0 |     142 |   0.0 |       0 |       6 |   0.0 |    35
               +---------+---------+-------+---------+---------+-------+---------
